AoeStats
← Azaghâl

Black Forest

506476612Analyzed
4v4 RM · 17d ago on Sep 13, 2026· 52m 37s· 8 players
Game mode
Random Map
Map size
Large (8 player)
Population
200
Speed
Normal
Resources
Standard
Victory
Conquest
Starting age
Dark Age
Ending age
Imperial Age
RankedLock teamsTeams togetherTeam positionsShared explorationLock speedFull tech treeHidden civsTurbo modeCheats
Victory
Defeat
🇺🇸 Bohemians · United States
1027
+11
🇸🇦 Lithuanians · Saudi Arabia
975
+13
🇨🇦 Byzantines · Canada
961
+13
🇪🇸 Tatars · Spain
959
+14
🇺🇾 Lithuanians · Uruguay
947
-14
🇬🇧 Britons · United Kingdom
938
-14
🇦🇷 Cumans · Argentina
926
-18
🇩🇪 Romans · Germany
847
-10
Elto
11:53 Feudal Age
12:18 Double-Bit Axe
13:23 Loom
15:00 Wheelbarrow
19:26 Castle Age
17:53 Fishing Lines
18:30 Stone Mining
18:36 Gold Mining
25:03 Husbandry
26:42 Scale Barding Armor
27:57 Forging
28:48 Treadmill Crane
31:11 Horse Collar
31:43 Bow Saw
32:44 Gillnets
32:48 Stone Mining
35:18 Iron Casting
35:08 Chain Barding Armor
40:34 Imperial Age
38:30 Hand Cart
39:06 Caravan
39:22 Horse Collar
40:04 Heavy Plow
43:13 Heavy Camel Rider
46:25 Plate Barding Armor
48:36 Two-Man Saw
48:06 Crop Rotation
khan061
0:49 Loom
18:37 Feudal Age
24:13 Castle Age
22:56 Horse Collar
23:06 Double-Bit Axe
23:56 Fletching
25:39 Bow Saw
31:42 Wheelbarrow
30:55 Town Watch
31:03 Stone Mining
34:48 Ballistics
36:13 Gold Mining
37:42 Hand Cart
38:18 Padded Archer Armor
38:14 Bodkin Arrow
38:46 Town Patrol
39:26 Heavy Plow
42:32 Leather Archer Armor
46:59 Imperial Age
45:07 Gold Shaft Mining
47:03 Pikeman
47:45 Squires
47:32 Arson
47:56 Scale Mail Armor
47:57 Bracer
48:28 Ring Archer Armor
48:49 Heavy Cavalry Archer
50:35 Chemistry
50:36 Fortified Wall
50:22 Murder Holes
Sgt. Shaftoe
1:11 Loom
13:26 Feudal Age
18:14 Castle Age
18:30 Double-Bit Axe
20:18 Bow Saw
22:37 Fishing Lines
23:41 Town Watch
24:35 Wheelbarrow
26:08 Horse Collar
26:20 Elite Skirmisher
32:31 Imperial Age
29:46 Town Watch
30:17 Hand Cart
30:40 Fletching
31:00 Forging
30:52 Scale Mail Armor
31:59 Caravan
32:27 Heavy Plow
33:41 Chemistry
32:12 Pikeman
32:52 Squires
33:00 Onager
34:55 Conscription
34:42 Wagenburg Tactics
36:59 Padded Archer Armor
36:54 Bodkin Arrow
37:23 Ballistics
37:14 Masonry
38:10 Leather Archer Armor
39:01 Hussite Reforms
39:01 Gillnets
39:32 Fortified Wall
39:03 Treadmill Crane
39:53 Architecture
41:25 Siege Engineers
41:16 Murder Holes
41:30 Houfnice
42:28 Halberdier
49:28 Iron Casting
49:08 Chain Mail Armor
48:54 Bracer
† BigMakh †
0:27 Loom
13:42 Feudal Age
14:19 Horse Collar
14:26 Double-Bit Axe
19:20 Gold Mining
19:44 Forging
19:27 Stone Mining
22:10 Castle Age
21:01 Scale Barding Armor
21:37 Fishing Lines
23:29 Caravan
27:13 Wheelbarrow
30:42 Imperial Age
30:32 Iron Casting
32:34 Chemistry
32:39 Heavy Plow
33:55 Conscription
34:55 Elite Leitis
37:05 Chain Barding Armor
Hannibal Barca
1:13 Loom
18:56 Feudal Age
23:37 Castle Age
23:02 Horse Collar
23:09 Double-Bit Axe
24:34 Stone Mining
28:16 Bow Saw
31:06 Gold Mining
32:51 Wheelbarrow
32:02 Town Watch
32:54 Caravan
33:24 Fortified Wall
33:25 Masonry
33:37 Ballistics
35:03 Fletching
35:13 Scale Mail Armor
35:54 Bodkin Arrow
36:11 Forging
35:35 Pikeman
36:16 Squires
Azaghâl
1:18 Loom
17:02 Feudal Age
17:29 Double-Bit Axe
17:30 Horse Collar
19:10 Town Watch
22:59 Castle Age
23:50 Wheelbarrow
23:47 Fishing Lines
24:49 Gillnets
27:02 Town Patrol
27:18 Hand Cart
27:25 Bow Saw
29:22 Forging
34:53 Iron Casting
34:50 Squires
34:55 Man-at-Arms
34:56 Pikeman
41:11 Imperial Age
40:22 Scale Mail Armor
40:33 Scale Barding Armor
43:00 Conscription
43:14 Comitatenses
42:19 Halberdier
42:21 Long Swordsman
42:26 Heavy Scorpion
45:30 Blast Furnace
44:46 Chain Mail Armor
44:54 Chain Barding Armor
44:51 Bloodlines
44:02 Light Cavalry
44:43 Husbandry
45:13 Cavalier
45:59 Fletching
48:07 Legionary
Nick
6:36 Loom
15:10 Feudal Age
16:55 Town Watch
21:44 Castle Age
19:40 Double-Bit Axe
21:47 Fletching
22:00 Gold Mining
22:07 Stone Mining
23:30 Wheelbarrow
23:12 Crossbowman
27:57 Thumb Ring
33:07 Bodkin Arrow
34:36 Town Patrol
37:54 Padded Archer Armor
38:36 Hand Cart
44:29 Bow Saw
44:58 Gold Shaft Mining
44:40 Leather Archer Armor
44:31 Scale Barding Armor
44:36 Forging
44:38 Bloodlines
50:05 Coinage
Sheelz
12:13 Feudal Age
19:26 Castle Age
18:03 Wheelbarrow
17:13 Town Watch
17:14 Loom
17:55 Horse Collar
18:03 Double-Bit Axe
18:10 Gold Mining
18:37 Stone Mining
21:11 Scale Barding Armor
21:16 Forging
25:21 Bloodlines
25:13 Husbandry
29:30 Fervor
34:53 Imperial Age
32:11 Town Watch
33:05 Iron Casting
33:29 Stone Shaft Mining
34:52 Chain Barding Armor
35:25 Bow Saw
35:18 Onager
35:38 Cavalier
37:32 Plate Barding Armor
37:44 Conscription
37:56 Paladin
40:55 Town Patrol
41:11 Hand Cart
41:47 Fletching
41:58 Scale Mail Armor
41:41 Treadmill Crane
42:22 Ballistics
44:00 Elite Leitis
49:52 Light Cavalry
Connection lost

Rejoining the realm…

Still unreachable

The connection could not be restored.

Session expired

The server has moved on; the page needs a fresh start.